 Dungeon Crawl Stone Soup version 0.27-a0-1308-gc08437e49b (webtiles) character file.

Game seed: 17323903196825260965

2781 avis the Cleaver (level 9, -2/74 HPs)
             Began as a Hill Orc Monk on June 16, 2021.
             Was a Priest of Beogh.
             Slain by an orc warlord (7 damage)
             ... in a bailey on June 19, 2021.
             The game lasted 00:52:55 (9896 turns).

avis the Cleaver (Hill Orc Monk)                    Turns: 9896, Time: 00:52:55

Health: -2/74      AC: 12    Str: 23    XL:     9   Next: 70%
Magic:  9/15       EV:  8    Int: 10    God:    Beogh [***...]
Gold:   292        SH:  5    Dex: 13    Spells: 8/8 levels left

rFire    + . .     SeeInvis .   a - +3 hand axe
rCold    . . .     Faith    .   q - +0 buckler
rNeg     . . .     Spirit   .   v - +1 chain mail {rF+}
rPois    .         Reflect  .   (no helmet)
rElec    .         Harm     .   J - +0 cloak
rCorr    .         Rampage  .   f - +1 pair of gloves
Will     +....                  (no boots)
Stlth    ..........             (no amulet)
HPRegen  0.22/turn              K - +6 ring of strength
MPRegen  0.14/turn              r - ring of willpower

@: mighty, on berserk cooldown, slowed, very slow
A: no striking features
a: Renounce Religion, Smiting


You were in a bailey.
You worshipped Beogh.
Beogh was most pleased with you.
You visited 2 branches of the dungeon, and saw 8 of its levels.
You also visited: Bailey.

You collected 292 gold pieces.

Inventory:

Hand Weapons
 a - a +3 hand axe (weapon)
 b - a +0 fustibalus
 w - a +0 war axe
 z - a +3 quarterstaff
 I - a +0 shortbow
 L - a +2 hand axe of holy wrath
Missiles
 o - 21 sling bullets
 p - 64 arrows
 t - 125 stones
 x - 20 poisoned darts (quivered)
 A - 7 boomerangs
Armour
 f - a +1 pair of gloves (worn)
 q - a +0 buckler (worn)
 v - a +1 chain mail of fire resistance (worn)
 D - a +0 chain mail
 J - a +0 cloak (worn)
 P - a +0 chain mail
 Q - a +3 leather armour
Jewellery
 e - a ring of protection from fire
 j - a +4 ring of protection
 k - a ring of protection from cold
 m - a ring of resist corrosion
 r - a ring of willpower (right hand)
 y - a +4 ring of protection
 K - a +6 ring of strength (left hand)
Scrolls
 d - a scroll of amnesia {unknown}
 g - a scroll of magic mapping
 h - a scroll of brand weapon {unknown}
 l - 3 scrolls of vulnerability
 n - a scroll of enchant armour {unknown}
 C - 2 scrolls of holy word {unknown}
 E - a scroll of torment {unknown}
 H - a scroll of teleportation {unknown}
 O - a scroll of blinking {unknown}
Potions
 c - 2 potions of ambrosia
 i - 3 potions of invisibility
 u - 2 potions of mutation
 G - a potion of brilliance
 M - a potion of curing
 R - a potion of magic {unknown}


   Skills:
 - Level 5.0 Fighting
 * Level 13.4 Axes
 - Level 2.4 Dodging
 - Level 1.5 Stealth
 - Level 4.0 Shields
 + Level 8.2 Invocations


You had 8 spell levels left.
You didn't know any spells.
Your spell library contained the following spells:

 Spells                   Type           Power      Damage    Failure   Level
 Sandblast                Erth           0%         2d4       98%         1
 Passwall                 Tmut/Erth      0%         N/A       99%         2
 Poisonous Vapours        Pois/Air       0%         N/A       99%         2
 Conjure Flame            Conj/Fire      0%         6-21      100%        3
 Mephitic Cloud           Conj/Pois/Air  0%         N/A       100%        3
 Stone Arrow              Conj/Erth      0%         3d7       100%        3
 Petrify                  Tmut/Erth      0%         N/A       100%        4
 Freezing Cloud           Conj/Ice/Air   0%         6-21      100%        5
 Lee's Rapid Deconstruct  Erth           0%         3d5*      100%        5


Dungeon Overview and Level Annotations

Branches:
Dungeon (7/15)             Temple (1/1) D:4          Bailey (1/1)

Altars:
Ashenzari
Cheibriados
Nemelex Xobeh
Qazlal
Ru
The Shining One

Shops:
D:4 [   D:5 =


Message History

You hit the orc warlord.
The orc warlord is lightly wounded.
You closely miss the orc knight. You slash the orc warlord!
The orc warlord is lightly wounded.
You hit the orc knight.
The orc warlord hits you with a +3 great sword of distortion!!
* * * LOW HITPOINT WARNING * * *
You block the orc knight's attack.
You feel a strong urge to attack something.
The orc warlord roars a battlecry!
The orc knight hits your orc warrior with a +0 war axe!!
Your orc warrior dies!
You hear a shout!
The orc knight roars a battlecry!
The orc warlord goes into a battle-frenzy!
You feel your anger nearly subside.
You are no longer berserk.
You are exhausted.
You feel yourself slow down.
There is a fountain of clear blue water here.
Aiming: Smiting
Press: ? - help, Dir - move target, f - orc warlord Smite: an orc warlord, wielding a +3 great sword of distortion and wearing a +0 plate armour (lightly wounded, strong)
You smite the orc warlord!
The orc warlord is moderately wounded.
The orc knight no longer looks unusually strong.
Aiming: Smiting
Press: ? - help, Dir - move target, f/p - orc warlord Smite: an orc warlord, wielding a +3 great sword of distortion and wearing a +0 plate armour (moderately wounded, strong)
You smite the orc warlord!
The orc warlord is severely wounded.
You feel much better.
The orc warrior no longer looks unusually strong.
The orc knight no longer looks unusually strong.
The orc warlord roars a battlecry!
The orcs go into a battle-frenzy!
The orc warlord hits you with a +3 great sword of distortion!!
* * * LOW HITPOINT WARNING * * *
Space bends around you!
You die...

..# #.......# .##
##.....## ## ####'##
.## ##.....## ..#
#.......# ..##..
##.......## ...#... ..
#.........#
...###...###.........##
....###g###.....@.....#
...##88(88##...o.....##
...#....og.#..o......#
..##.)..))g##.......##
..)........oo.......#
.##.......og##.....##
##.....⌠.....#######
##..)......##
#.........#


You could see an orc warlord (strong), 2 orc knights, 2 orc warriors and a
goblin.

Vanquished Creatures
  Grinder (D:6)
  Sigmund (D:2)
  A steam dragon (D:6)
  Menkaure (D:6)
  2 water moccasins
  5 orc warriors
  2 ice beasts
  3 necrophages
  An ogre (D:4)
  A centaur (D:7)
  A kobold brigand (D:6)
  A bullfrog (D:5)
  3 scorpions
  A howler monkey (D:6)
  A jelly (D:3)
  An iguana (D:5)
  Jessica (D:2)
  2 bullfrog skeletons
  An orc wizard (D:6)
  4 adders
  18 gnolls
  A howler monkey skeleton (D:6)
  A white imp (D:6)
  2 ufetubi
  2 worms
  3 dart slugs
  23 orcs
  7 ball pythons
  6 endoplasms
  2 giant cockroaches (D:2)
  24 goblins
  15 hobgoblins
  2 quokkas
  6 bats
  6 frilled lizards
  13 kobolds
  3 rats
168 creatures vanquished.

Vanquished Creatures (collateral kills)
  A gnoll (Bailey)
  A goblin (Bailey)
2 creatures vanquished.

Vanquished Creatures (others)
  2 orc warriors (Bailey)
  An orc priest (D:4)
  5 orcs
  17 plants
25 creatures vanquished.

Grand Total: 195 creatures vanquished

Notes
Turn   | Place    | Note
-------+----------+-------------------------------------------
     0 | D:1      | avis the Hill Orc Monk began the quest for the Orb.
     0 | D:1      | Reached XP level 1. HP: 19/19 MP: 1/1
   434 | D:1      | Reached XP level 2. HP: 25/26 MP: 2/2
   505 | D:1      | Reached skill level 5 in Axes
   776 | D:1      | Reached XP level 3. HP: 31/31 MP: 3/3
  1376 | D:2      | Noticed Sigmund
  1426 | D:2      | Reached skill level 6 in Axes
  1832 | D:2      | Noticed Jessica
  1842 | D:2      | Killed Jessica
  1843 | D:2      | Reached XP level 4. HP: 26/40 MP: 4/4
  2000 | D:3      | Reached skill level 1 in Shields
  2045 | D:3      | Found a faded altar of an unknown god.
  2628 | D:3      | Reached XP level 5. HP: 40/46 MP: 5/5
  3114 | D:3      | Reached skill level 7 in Axes
  3180 | D:3      | You fall into a shaft and drop 1 floor!
  3256 | D:4      | Noticed a necrophage
  3267 | D:4      | Killed a necrophage
  3268 | D:4      | Reached XP level 6. HP: 49/53 MP: 6/6
  3433 | D:4      | Became a worshipper of Beogh the Brigand
  3433 | D:4      | Reached * piety under Beogh
  3433 | D:4      | Reached ** piety under Beogh
  3897 | D:2      | Killed Sigmund
  3898 | D:2      | Reached skill level 5 in Fighting
  3898 | D:2      | Reached skill level 8 in Axes
  3898 | D:2      | Reached XP level 7. HP: 31/61 MP: 6/8
  4623 | D:4      | Found a staircase to the Ecumenical Temple.
  4634 | Temple   | Entered the Ecumenical Temple
  4901 | D:4      | Found Ovvolus's Armour Boutique.
  4925 | D:5      | Entered Level 5 of the Dungeon
  5143 | D:5      | Found a large runed translucent door.
  5147 | D:5      | Found a large runed translucent door.
  5534 | D:5      | Found a glowing golden altar of the Shining One.
  5655 | D:5      | Found Gohaikev's Jewellery Shoppe.
  5702 | D:5      | Found a broken altar of Ashenzari.
  5715 | D:5      | Reached skill level 9 in Axes
  5837 | D:5      | Found a sparkling altar of Nemelex Xobeh.
  6018 | D:6      | Noticed Menkaure
  6019 | D:6      | Noticed Grinder
  6024 | D:6      | Killed Menkaure
  6025 | D:6      | Reached XP level 8. HP: 68/68 MP: 10/10
  6027 | D:6      | Paralysed by Grinder for 3 turns
  6037 | D:6      | Killed Grinder
  6038 | D:6      | Reached skill level 10 in Axes
  6143 | D:6      | Reached skill level 5 in Invocations
  6187 | D:6      | Reached skill level 11 in Axes
  6498 | D:5      | Reached XP level 9. HP: 57/74 MP: 13/13
  6613 | D:6      | Reached skill level 12 in Axes
  7951 | D:6      | Upgraded the game from 0.27-a0-1291-geefcff550b to
                  | 0.27-a0-1308-gc08437e49b
  8125 | D:7      | Found a flagged portal.
  8137 | Bailey   | Entered a bailey
  8334 | Bailey   | Reached *** piety under Beogh
  8424 | Bailey   | Reached skill level 13 in Axes
  9869 | Bailey   | Noticed an orc knight
  9873 | Bailey   | Noticed an orc warlord
  9876 | Bailey   | Noticed an orc knight
  9896 | Bailey   | Slain by an orc warlord

Illustrated notes

Levels and vault maps discovered:
D:1:      sevenhm_arrival_forest_fort_large_2, layout_loops_ring,
          serial_park_tiny_pond
D:2:      layout_rooms, uniq_sigmund, uniq_jessica
D:3:      layout_loops_corners, hellmonk_ecumenical_altar_crossroads,
          serial_bayou_pond_a, minmay_misc_feat_rugged, supply_closet_lemuel
D:4:      layout_basic, temple_statues, serial_shops, shop, serial_bayou,
          serial_bayou_lagoon_a, serial_bayou_pond_c, serial_bayou_pond_e,
          serial_bayou_pond_b, grunt_ministairs_6
D:5:      layout_basic, nicolae_tso_swordbearing_angel, jmf_multi_god_temple2,
          serial_shops, kennysheep_mini
D:6:      layout_layer_cave, minmay_starry_boxes, uniq_menkaure, uniq_grinder
D:7:      layout_cave_pools, enter_bailey_2, uniq_crazy_yiuf_cottage
Temple:   lightli_temple_of_artemis
Bailey:   bailey_axe_minmay_hex_keep, bailey

Skill      XL: |  1  2  3  4  5  6  7  8  9 |
---------------+----------------------------+-----
Axes           | 5 6 7 8 9 11 13 | 13.4
Shields        | 1 2 3 4 |  4.0
Fighting       | 4 5 |  5.0
Invocations    | 2 3 6 8 |  8.2
Dodging        | |  2.4
Stealth        | |  1.5

Action                   |  1- 3 |  4- 6 |  7- 9 || total
-------------------------+-------+-------+-------++-------
Melee: Hand axe          |   115 |   133 |   337 ||   585
 Fire: Hunting sling     |       |     1 |       ||     1
       Fustibalus        |       |    22 |   150 ||   172
Throw: Dart              |       |       |     7 ||     7
Invok: Convert to Beogh  |       |     1 |       ||     1
       Smiting           |       |       |     9 ||     9
  Use: Potion            |       |       |     6 ||     6
       Scroll            |       |       |     7 ||     7
 Stab: Sleeping          |     5 |       |       ||     5
Armor: Robe              |    26 |       |       ||    26
       Scale mail        |    14 |    49 |       ||    63
       Ring mail         |     1 |       |       ||     1
       Chain mail        |       |     6 |   102 ||   108
Dodge: Dodged            |    54 |    41 |    89 ||   184
Block: Buckler           |     6 |    28 |    55 ||    89

Table legend: (Time is in decaauts)
 A = Elapsed time spent in this place.
 B = Non-inter-level travel time spent in this place.
 C = Inter-level travel time spent in this place.
 D = Time resting spent in this place.
 E = Time spent auto-exploring this place.
 F = Levels seen in this place.
 G = Mean time per level.
                   A        B        C        D        E       F      G
               +--------+--------+--------+--------+--------+-----+--------+
         Total |   9854 |   9308 |    546 |   2871 |   3929 |   9 | 1094.9 |
       Dungeon |   8115 |   7569 |    546 |   1750 |   3929 |   7 | 1159.3 |
        Temple |     18 |     18 |      0 |      0 |      0 |   1 |   18.0 |
        Bailey |   1719 |   1719 |      0 |   1121 |      0 |   1 | 1719.0 |
               +--------+--------+--------+--------+--------+-----+--------+

Top non-repeatable levels by time:
  Bailey: 1719 daAuts
     D:6: 1689 daAuts
     D:3: 1383 daAuts
     D:5: 1303 daAuts
     D:1: 1294 daAuts
     D:4: 1223 daAuts
     D:2: 1102 daAuts
     D:7: 118 daAuts
  Temple: 18 daAuts
